 Dungeon Crawl Stone Soup version 0.27.1-1-g398f81649c (webtiles) character file.

Game seed: 15140708062407801414

379 Descartes the Sneak (level 6, -1/28 HPs)
             Began as a Spriggan Wanderer on Sept 15, 2021.
             Was an Initiate of Dithmenos.
             Shot with an arrow by a centaur (10 damage)
             ... on level 5 of the Dungeon.
             The game lasted 00:11:48 (5510 turns).

Descartes the Sneak (Spriggan Wanderer)             Turns: 5510, Time: 00:11:49

Health: -1/28      AC:  3    Str:  9    XL:     6   Next: 45%
Magic:  11/13      EV: 18    Int: 15    God:    Dithmenos [......]
Gold:   285        SH:  0    Dex: 14    Spells: 12/13 levels left

rFire    . . .     SeeInvis +   a - +2 spear
rCold    . . .     Faith    .   (shield restricted)
rNeg     . . .     Spirit   .   c - +0 robe
rPois    .         Reflect  .   (helmet restricted)
rElec    .         Harm     .   n - +0 cloak
rCorr    .         Rampage  .   (gloves unavailable)
Will     ++...                  (boots unavailable)
Stlth    +++.......             (no amulet)
HPRegen  0.09/turn              h - ring of willpower
MPRegen  0.13/turn              (no ring)

@: very quick
A: very small, no large weapons, unfitting armour, see invisible, speed 3
a: Renounce Religion


You were on level 5 of the Dungeon.
You worshipped Dithmenos.
Dithmenos was noncommittal.
You visited 2 branches of the dungeon, and saw 6 of its levels.

You collected 285 gold pieces.

Inventory:

Hand Weapons
 a - a +2 spear (weapon)
 i - a +0 dagger
Missiles
 m - 32 bolts
 o - 41 arrows
 p - 26 sling bullets
 s - 15 stones
Armour
 c - a +0 robe (worn)
 n - a +0 cloak (worn)
Jewellery
 h - a ring of willpower (left hand)
Wands
 q - a wand of polymorph (2)
Scrolls
 d - 3 scrolls of identify {unknown}
 e - 3 scrolls of enchant weapon {unknown}
 f - 3 scrolls of magic mapping {unknown}
 k - a scroll of blinking {unknown}
 l - a scroll of fear {unknown}
 r - a scroll of amnesia {unknown}
 t - a scroll of fog {unknown}
 u - a scroll of brand weapon {unknown}
 v - a scroll of torment {unknown}
 x - a scroll of summoning {unknown}
Potions
 b - 2 potions of curing
 g - 2 potions of invisibility {unknown}
 j - a potion of mutation {unknown}
 w - a potion of heal wounds {unknown}


   Skills:
 - Level 2.0 Short Blades
 - Level 2.0 Polearms
 - Level 1.0 Throwing
 + Level 4.1 Dodging
 + Level 5.0 Stealth
 - Level 4.0 Spellcasting
 + Level 3.4 Transmutations
 - Level 1.0 Ice Magic
 + Level 3.0 Poison Magic


You had 12 spell levels left.
You knew the following spells:

 Your Spells              Type           Power      Damage    Failure   Level
a - Sting                 Tmut/Pois      48%        1d5       4%          1

Your spell library contained the following spells:

 Spells                   Type           Power      Damage    Failure   Level
 Spider Form              Tmut/Pois      6%         N/A       14%         3


Dungeon Overview and Level Annotations

Branches:
Dungeon (5/15)             Temple (1/1) D:4

Altars:
Cheibriados
Dithmenos
Elyvilon
Fedhas
Gozag
Hepliaklqana
Kikubaaqudgha
Makhleb
Nemelex Xobeh
Okawaru
Qazlal
Ru
Sif Muna
Uskayaw
Vehumet
Xom
Yredelemnul
Zin
The Shining One

Shops:
D:1 (   D:3 (

Annotations:
D:3 Grinder
D:5 3 runed translucent doors, Elvor's ghost, weakling GrDe


Innate Abilities, Weirdness & Mutations

You are very small and have problems with some larger weapons.
You are too small for most types of armour.
You have supernaturally acute eyesight. (SInv)
You cover ground extremely quickly. (Speed+++)


Message History

The sting hits the ogre.
The ogre looks even sicker.
The ogre is almost dead.
Casting: Sting (safe; 5% risk of failure)
Confirm with . or Enter, or press ? or * to list all spells.
Aiming: Sting (safe; 5% risk of failure)
Press: ? - help, Shift-Dir - straight line, f/p - ogre
Aim: an ogre, wielding a +0 giant club (almost dead, very poisoned, 86% to hit)
The sting hits the ogre.
The ogre looks as sick as possible!
You kill the ogre!
Dithmenos accepts your kill.
Your Dodging skill increases to level 4!
Your Stealth skill increases to level 5!
Your Poison Magic skill increases to level 3!
Magic restored.
A centaur is nearby!
You see here a +0 giant club.
No target in view!
There is an open door here.
Casting: Sting (safe; 4% risk of failure)
Confirm with . or Enter, or press ? or * to list all spells.
Aiming: Sting (safe; 4% risk of failure)
Press: ? - help, Shift-Dir - straight line, f - centaur
Aim: a centaur, wielding a +0 quarterstaff and quivering arrows (wandering, hasn't noticed you, 83% to hit)
The sting hits the centaur.
The centaur is poisoned.
The centaur is lightly wounded.
The centaur shouts!
You hear an angry hiss.
You hear a shout!
You hear a bark!
The centaur unwields a +0 quarterstaff.
The centaur wields a +0 shortbow.
The centaur shoots an arrow.
The arrow hits you.
The centaur shoots an arrow.
The arrow hits you.
Casting: Sting (safe; 4% risk of failure)
Confirm with . or Enter, or press ? or * to list all spells.
Aiming: Sting (safe; 4% risk of failure)
Press: ? - help, Shift-Dir - straight line, f/p - centaur
Aim: a centaur, wielding a +0 shortbow and quivering arrows (lightly wounded, poisoned, 83% to hit)
The sting hits the centaur.
The centaur looks even sicker.
The centaur is moderately wounded.
The centaur shoots an arrow.
The arrow hits you.
The centaur shoots an arrow.
The arrow barely misses you.
The centaur shoots an arrow.
The arrow hits you!
You die...

##. ... ....# ..... ... .####
.# # .. c.. .. #.#####. #.# .#
#......######'####+# ######.#
#......#......@.)..# #.......
#......'........##.# ##.####..
#......#........##.# #........
########........##.# #..###...
#........##.# #...<#...
#........##.#####'###...
########........##)...^......#+
................##..........#..
................##[.........#..


You could see a centaur (very poisoned).

Vanquished Creatures
  An ogre (D:5)
  2 scorpions (D:5)
  Jessica (D:3)
  An iguana (D:4)
  Ijyb (D:3)
  3 adders
  A shadow imp (D:5)
  An ufetubus (D:5)
  2 dart slugs
  An orc (D:4)
  3 ball pythons
  3 endoplasms
  3 giant cockroaches
  7 hobgoblins
  6 jackals
  4 kobolds
  2 quokkas (D:1)
  7 bats
  2 frilled lizards
  5 goblins
  2 rats
58 creatures vanquished.

Notes
Turn   | Place    | Note
-------+----------+-------------------------------------------
     0 | D:1      | Descartes the Spriggan Wanderer began the quest for the
                  | Orb.
     0 | D:1      | Descartes set off with the following items: a +2 spear, a
                  | potion of curing, a +0 robe; and the following spell
                  | memorised: Sting; and the following spells available to
                  | memorise: Spider Form
     0 | D:1      | Reached XP level 1. HP: 9/9 MP: 6/6
   241 | D:1      | Reached skill level 2 in Stealth
   377 | D:1      | Reached skill level 1 in Transmutations
   377 | D:1      | Reached XP level 2. HP: 6/13 MP: 6/8
   712 | D:1      | Found Ozid's Antique Weapon Shoppe.
  1187 | D:2      | Reached XP level 3. HP: 5/16 MP: 7/9
  2149 | D:3      | Noticed Ijyb
  2465 | D:3      | Reached skill level 3 in Stealth
  2555 | D:3      | Found a glowing golden altar of the Shining One.
  2606 | D:3      | Found Tosmux's Antique Weapon Emporium.
  2619 | D:3      | Reached XP level 4. HP: 21/21 MP: 11/11
  2672 | D:3      | Found a faded altar of an unknown god.
  2709 | D:3      | Noticed Jessica
  2719 | D:3      | Killed Jessica
  2720 | D:3      | Reached skill level 1 in Short Blades
  2910 | D:3      | Noticed Grinder
  2997 | D:3      | Killed Ijyb
  3349 | D:4      | Found a shadowy altar of Dithmenos.
  3357 | D:4      | Became a worshipper of Dithmenos the Shadowed
  3437 | D:4      | Found a staircase to the Ecumenical Temple.
  3480 | Temple   | Entered the Ecumenical Temple
  3749 | D:4      | Reached XP level 5. HP: 24/24 MP: 9/12
  3779 | D:4      | Found a glowing silver altar of Zin.
  3804 | D:4      | Found a snail-covered altar of Cheibriados.
  4343 | D:5      | Entered Level 5 of the Dungeon
  4369 | D:5      | Reached skill level 4 in Stealth
  4591 | D:5      | Reached XP level 6. HP: 28/28 MP: 8/13
  4631 | D:5      | Found a runed translucent gate.
  4631 | D:5      | Found a runed translucent gate.
  4631 | D:5      | Found a runed translucent gate.
  4978 | D:5      | Noticed Elvor's ghost (weakling GrDe)
  5377 | D:5      | Reached skill level 5 in Stealth
  5510 | D:5      | Shot with an arrow by a centaur

Illustrated notes

Levels and vault maps discovered:
D:1:      dpeg_arrival_arbitrary_b, layout_basic, serial_shops, shop,
          st_stairs_6
D:2:      layout_rooms
D:3:      layout_loops_ring, tso_metal_star, ebering_ecumenical_altar_mist,
          serial_shops, shop, minmay_distorted, uniq_ijyb, uniq_jessica,
          uniq_grinder
D:4:      layout_loops_ring, cheibriados_altar_1,
          nicolae_overflow_crystal_walls, nicolae_dithmenos_shadow_blocks,
          temple_pool_b
D:5:      layout_basic, gammafunk_ghost_necromancy, fountainhead, uniq_sigmund
Temple:   regret_index_temple_generic_petals

Skill      XL: |  1  2  3  4  5  6 |
---------------+-------------------+-----
Stealth        | 2 3 4 5 |  5.0
Transmutations | 1 2 3 |  3.4
Dodging        | 2 3 4 |  4.1
Short Blades   | 1 2 |  2.0
Poison Magic   | 2 3 |  3.0
Polearms       | 2 |  2.0
Throwing       | |  1.0
Spellcasting   | |  4.0
Ice Magic      | |  1.0

Action                   |  1- 3 |  4- 6 || total
-------------------------+-------+-------++-------
Melee: Spear             |   109 |    55 ||   164
       Dagger            |       |     2 ||     2
 Cast: Sting             |    31 |    44 ||    75
 Stab: Sleeping          |     7 |     2 ||     9
Armor: Robe              |    14 |    11 ||    25
Dodge: Dodged            |    96 |    59 ||   155
